 Dungeon Crawl Stone Soup version 0.31.0-11-ge490571c62 (webtiles) character file.

Game seed: 4722087591803474296

249 qw the Shooter (level 5, -5/26 HPs)
             Began as a Spriggan Hunter on Feb 4, 2024.
             Engulfed by a steam dragon's steam (6 damage)
             ... on level 4 of the Dungeon.
             The game lasted 00:00:11 (2436 turns).

qw the Shooter (Spriggan Hunter)                    Turns: 2436, Time: 00:00:11

Health: -5/26      AC:  4    Str:  7    XL:     5   Next: 86%
Magic:  6/6        EV: 20    Int: 11    God:
Gold:   104        SH:  0    Dex: 20    Spells: 4/4 levels left

rFire   . . .        a - +0 shortbow
rCold   . . .        (shield currently unavailable)
rNeg    . . .        c - +0 robe
rPois   .            (helmet restricted)
rElec   .            h - +1 cloak
rCorr   .            (gloves unavailable)
SInv    +            (boots unavailable)
Will    .....        (no amulet)
Stlth   ++           (no ring)
HPRegen 0.24/turn    (no ring)
MPRegen 0.10/turn

%: no passive effects
@: hasted, very quick
A: very small, no large weapons, unfitting armour, see invisible, speed 3
a: no special abilities


You were on level 4 of the Dungeon.
You visited 1 branch of the dungeon, and saw 4 of its levels.

You collected 104 gold pieces.


Innate Abilities, Weirdness & Mutations

You are very small and have problems with some larger weapons.
You are too small for most types of armour.
You have supernaturally acute eyesight. (SInv)
You cover ground extremely quickly. (Speed+++)


   Skills:
 - Level 2.0 Fighting
 - Level 6.0 Ranged Weapons
 + Level 5.2 Dodging
 - Level 1.5 Stealth


You had 4 spell levels left.
You didn't know any spells.
Your spell library was empty.

Inventory:

Hand Weapons
 a - a +0 shortbow (weapon)
Armour
 c - a +0 robe (worn)
 h - a +1 cloak (worn)
Potions
 d - a potion of might
 e - 3 potions of curing
 f - a potion of cancellation {unknown}
 g - a potion of resistance

Dungeon Overview and Level Annotations

Branches:
Dungeon (4/15)
 Temple: D:4-7

Altars:
Trog

Shops:
D:3 (


Message History

The arrow hits the steam dragon but does no damage.
The steam dragon is lightly wounded.
You shoot an arrow.
The arrow barely misses the steam dragon.
The steam dragon closely misses you. The steam dragon claws you.
You shoot an arrow. The arrow hits the steam dragon.
The steam dragon is moderately wounded.
The steam dragon misses you. The steam dragon closely misses you.
You shoot an arrow.
The arrow hits the steam dragon but does no damage.
The steam dragon is moderately wounded.
You shoot an arrow. The arrow hits the steam dragon.
The steam dragon is heavily wounded.
The steam dragon bites you but does no damage.
The steam dragon claws you but does no damage.
You shoot an arrow.
The arrow barely misses the steam dragon.
The steam dragon breathes steam at you. The ball of steam hits you.
2432 ||| DRINKING potion of heal wounds.
You feel much better.
You are engulfed in a cloud of scalding steam.
The steam dragon bites you but does no damage.
The steam dragon completely misses you.
You shoot an arrow.
The arrow closely misses the steam dragon.
You are engulfed in a cloud of scalding steam.
You shoot an arrow. The arrow hits the steam dragon!
The steam dragon is severely wounded.
You are engulfed in a cloud of scalding steam.
The steam dragon bites you.
The steam dragon claws you but does no damage.
You shoot an arrow.
The arrow barely misses the steam dragon.
You are engulfed in a cloud of scalding steam.
The steam dragon bites you. The steam dragon misses you.
You shoot an arrow.
The arrow barely misses the steam dragon.
You are engulfed in a cloud of scalding steam.
You die...

#####
......###########
......D@¤.¤....>#
......######.##.#
##<.. #.#..## #.#
###.#...# #
#.......######
###.#........#
.....#....###.#
#...........#.#
###..####...###.#


You could see a steam dragon (catching breath).

Vanquished Creatures
  An orc priest (D:3)
  Jessica (D:3)
  8 adders
  3 gnolls (D:3)
  5 dart slugs
  2 ribbon worms (D:2)
  3 orcs (D:3)
  4 endoplasms
  3 giant cockroaches
  6 hobgoblins
  2 jackals (D:3)
  5 quokkas
  7 ball pythons
  9 bats
  4 frilled lizards
  5 goblins
  9 kobolds
  3 rats
80 creatures vanquished.

Notes
Turn   | Place    | Note
-------+----------+-------------------------------------------
     0 | D:1      | qw the Spriggan Hunter began the quest for the Orb.
     0 | D:1      | Reached XP level 1. HP: 10/10 MP: 2/2
     0 | D:1      | 0 ||| qw: Version: 0.3-a-160-g6735b56
     0 | D:1      | 0 ||| qw: Game counter: 4548
     0 | D:1      | 0 ||| qw: Melee chars always use a shield: true
     0 | D:1      | 0 ||| qw: God list: Okawaru
     0 | D:1      | 0 ||| qw: Allow faded altars: false
     0 | D:1      | 0 ||| qw: Do Orc after clearing Dungeon:15 true
     0 | D:1      | 0 ||| qw: Do second Lair branch before Depths: true
     0 | D:1      | 0 ||| qw: Lair rune preference: random
     0 | D:1      | 0 ||| qw: Goals: Normal
     0 | D:1      | 0 ||| PLANNING D:1-11
    26 | D:1      | Reached skill level 3 in Dodging
    52 | D:1      | You fall into a shaft and drop 1 floor!
    63 | D:2      | Reached XP level 2. HP: 7/14 MP: 3/3
   117 | D:2      | HP: 3/14 [poisoned by an adder]
   173 | D:2      | Reached XP level 3. HP: 15/18 MP: 4/4
   218 | D:2      | 218 ||| READING scroll labelled HOIFEPP DITEJ.
   218 | D:2      | 218 ||| IDENTIFYING metallic ruby potion
   219 | D:2      | 219 ||| READING scroll labelled BIUTYH OSTRIMAK.
   220 | D:2      | 220 ||| DRINKING 2 viscous clear potions.
   221 | D:2      | 221 ||| FLEEEEING.
   222 | D:2      | 222 ||| FLEEEEING.
   223 | D:2      | 223 ||| FLEEEEING.
   224 | D:2      | 224 ||| FLEEEEING.
   225 | D:2      | 225 ||| FLEEEEING.
   226 | D:2      | 226 ||| FLEEEEING.
   227 | D:2      | 227 ||| FLEEEEING.
   228 | D:2      | 228 ||| STAIRDANCE
   539 | D:1      | Reached skill level 5 in Ranged Weapons
   616 | D:1      | Reached XP level 4. HP: 22/22 MP: 5/5
   924 | D:1      | 924 ||| READING scroll of identify.
   924 | D:1      | 924 ||| IDENTIFYING glowing black potion
   925 | D:1      | 925 ||| READING 2 scrolls labelled ZUWKASUBRO.
   925 | D:1      | 925 ||| ENCHANTING +0 shortbow.
   926 | D:1      | 926 ||| DRINKING 2 sedimented black potions.
   927 | D:1      | 927 ||| DRINKING 2 bubbling red potions.
   928 | D:1      | 928 ||| DROPPING scroll of butterflies.
   929 | D:1      | 929 ||| DROPPING potion of berserk rage.
   930 | D:1      | 930 ||| DROPPING potion of brilliance.
   931 | D:1      | 931 ||| DROPPING potion of degeneration.
  1399 | D:2      | Found a bloodstained altar of Trog.
  1513 | D:2      | 1513 ||| UPGRADING to +0 cloak.
  1518 | D:2      | 1518 ||| READING scroll of enchant armour.
  1518 | D:2      | 1518 ||| ENCHANTING +0 cloak.
  1519 | D:2      | 1519 ||| READING scroll labelled TISAKU NUSH.
  1520 | D:2      | 1520 ||| DRINKING 2 dark potions.
  1671 | D:3      | Reached XP level 5. HP: 26/26 MP: 6/6
  1773 | D:3      | Found Duzoaw's Weapon Emporium.
  2160 | D:3      | Noticed Jessica
  2171 | D:3      | Killed Jessica
  2172 | D:3      | Reached skill level 6 in Ranged Weapons
  2207 | D:3      | 2207 ||| READING 3 scrolls of identify.
  2207 | D:3      | 2207 ||| IDENTIFYING lumpy puce potion
  2208 | D:3      | 2208 ||| READING 2 scrolls of identify.
  2208 | D:3      | 2208 ||| IDENTIFYING glowing inky potion
  2209 | D:3      | 2209 ||| READING scroll of identify.
  2209 | D:3      | 2209 ||| IDENTIFYING scroll labelled MAREFAVONY
  2210 | D:3      | 2210 ||| DROPPING scroll of poison.
  2417 | D:4      | Noticed a steam dragon
  2418 | D:4      | 2418 ||| DRINKING potion of haste.
  2431 | D:4      | HP: 5/26 [steam dragon/ball of steam (5)]
  2432 | D:4      | 2432 ||| DRINKING potion of heal wounds.
  2435 | D:4      | HP: 1/26 [steam dragon (6)]
  2436 | D:4      | Engulfed by a steam dragon's steam

Levels and vault maps discovered:
D:1:      lightli_arrival_flooded_house, layout_basic, minmay_three_crescents
D:2:      layout_rooms, basic_altar, kennysheep_small_spiral,
          chequers_serial_rivers_large_a, grunt_ministairs_14
D:3:      layout_basic, serial_shops, nicolae_shop_hallway_plus, uniq_jessica
D:4:      layout_basic, roderic_batcave, uniq_blork_the_orc

Skill      XL: |  1  2  3  4  5 |
---------------+----------------+-----
Dodging        | 4 5 |  5.2
Ranged Weapons | 5 6 |  6.0
Fighting       | 2 |  2.0
Stealth        | |  1.5

Action                     |  1- 3 |  4- 6 || total
---------------------------+-------+-------++-------
   Fire: Shortbow          |    82 |   161 ||   243
    Use: Scroll            |     2 |     7 ||     9
         Potion            |     1 |     5 ||     6
 Armour: Robe              |     9 |    23 ||    32
  Dodge: Dodged            |    22 |    52 ||    74

Table legend:
 A = Non-vault XP
 B = Vault XP
 C = Vault XP percentage of total XP
 D = Non-vault monster count
 E = Vault monster count
 F = Vault count percentage of total count
                 A         B        C        D         E       F
            +---------+---------+-------+---------+---------+-------
      Total |     304 |      52 |  14.6 |      71 |       9 |  11.2
            +---------+---------+-------+---------+---------+-------
        D:1 |      51 |      10 |  16.4 |      30 |       6 |  16.7
        D:2 |      94 |       5 |   5.1 |      17 |       2 |  10.5
        D:3 |     137 |      37 |  21.3 |      18 |       1 |   5.3
        D:4 |      22 |       0 |   0.0 |       6 |       0 |   0.0
            +---------+---------+-------+---------+---------+-------
